AoeStats
← Gauthier

MegaRandom

505521381Analyzed
1v1 RM · 22d ago on Sep 9, 2026· 71m 37s· 2 players
Game mode
Random Map
Map size
Tiny (2 player)
Population
200
Speed
Normal
Resources
Standard
Victory
Conquest
Starting age
Dark Age
Ending age
Imperial Age
RankedLock teamsTeams togetherTeam positionsShared explorationLock speedFull tech treeHidden civsTurbo modeCheats
Victory
Defeat
🇪🇨 Teutons · Ecuador
646
+16
🇫🇷 Celts · France
636
-16
Gauthier
8:34 Loom
12:07 Feudal Age
12:23 Man-at-Arms
14:50 Double-Bit Axe
15:05 Horse Collar
17:32 Wheelbarrow
17:15 Gold Mining
23:27 Castle Age
21:34 Stone Mining
22:05 Scale Mail Armor
22:06 Padded Archer Armor
21:57 Fletching
22:18 Forging
24:34 Leather Archer Armor
24:15 Bodkin Arrow
26:19 Demolition Ship
27:49 Bow Saw
27:43 Heavy Plow
28:21 Gold Shaft Mining
28:26 Stone Shaft Mining
30:20 Chain Mail Armor
30:40 Iron Casting
30:58 Stronghold
36:19 Imperial Age
35:24 Medium Warships
37:06 Medium Warships
38:22 Long Swordsman
38:48 Gambesons
38:49 Arson
38:32 Crossbowman
38:33 Elite Skirmisher
39:22 Heavy Demolition Ship
41:25 Heavy Warships
43:26 Conscription
43:42 Hoardings
42:48 Two-Handed Swordsman
45:27 Plate Mail Armor
45:28 Ring Archer Armor
45:59 Blast Furnace
44:59 Pikeman
45:02 Champion
45:44 Halberdier
52:50 Furor Celtica
57:01 Coinage
Trallcarlos
0:27 Loom
15:51 Feudal Age
19:31 Wheelbarrow
18:48 Double-Bit Axe
22:54 Castle Age
30:13 Medium Warships
29:24 Demolition Ship
29:49 Fishing Lines
33:01 Clinker Construction
34:11 Gillnets
34:54 Siphons
34:55 Padded Archer Armor
37:55 Imperial Age
39:02 Heavy Warships
38:05 Cavalier
38:57 Bloodlines
38:58 Forging
38:54 Scale Barding Armor
38:40 Fletching
39:05 Leather Archer Armor
39:07 Gold Mining
39:09 Stone Mining
39:10 Horse Collar
41:22 Chemistry
40:00 Paladin
43:27 Chain Barding Armor
43:43 Iron Casting
45:43 Plate Barding Armor
45:49 Bodkin Arrow
45:50 Onager
48:52 Blast Furnace
47:53 Scale Mail Armor
48:20 Careening
48:31 Carvel Hull
48:18 Siege Engineers
48:27 Bow Saw
48:35 Hand Cart
48:07 Town Watch
49:09 Elite Skirmisher
53:27 Crenellations
53:38 Ring Archer Armor
53:27 Crossbowman
55:52 Ballistics
56:10 Ironclad
55:11 Elite Teutonic Knight
61:20 Conscription
61:18 Chain Mail Armor
63:01 Plate Mail Armor
64:20 Man-at-Arms
64:21 Pikeman
67:33 Two-Man Saw
66:37 Town Patrol
67:11 Long Swordsman
67:12 Halberdier
67:52 Squires
67:41 Gambesons
67:41 Arson
68:23 Masonry
69:21 Two-Handed Swordsman
70:01 Champion
Connection lost

Rejoining the realm…

Still unreachable

The connection could not be restored.

Session expired

The server has moved on; the page needs a fresh start.